 Dungeon Crawl Stone Soup version 0.23-a0-644-gb60d84b (webtiles) character file.

445 Borgoz the Sneak (level 6, 0/32 HPs)
             Began as a Spriggan Assassin on Jan 2, 2019.
             Succumbed to a worker ant's poison
             ... on level 4 of the Dungeon.
             The game lasted 00:05:28 (3806 turns).

Borgoz the Sneak (Spriggan Assassin)                Turns: 3806, Time: 00:05:29

Health: 0/32       AC:  3    Str:  9    XL:     6   Next: 72%
Magic:  7/7        EV: 19    Int: 13    God:
Gold:   185        SH:  0    Dex: 17    Spells: 5/5 levels left

rFire    . . .     SeeInvis +   r - +5 short sword
rCold    . . .     Gourm    .   (shield restricted)
rNeg     . . .     Faith    .   c - +0 robe
rPois    .         Spirit   .   (helmet restricted)
rElec    .         Reflect  .   d - +0 cloak
rCorr    .         Harm     +   (gloves unavailable)
MR       +....                  (boots unavailable)
Stlth    ++++......             h - amulet of harm
HPRegen  0.10/turn              (no ring)
MPRegen  0.10/turn              (no ring)

@: lethally poisoned (0 -> -5), hasted, very quick
A: very small, unfitting armour, see invisible, herbivore, speed 3, slow
metabolism 2
a: no special abilities


You were on level 4 of the Dungeon.
You were hungry.

You visited 1 branch of the dungeon, and saw 4 of its levels.

You collected 185 gold pieces.

Inventory:

Hand Weapons
 a - a +1 dagger of venom
 b - a +0 blowgun
 l - a +2 quarterstaff of chaos
 m - a +2 dagger
 q - a +2 short sword of venom
 r - a +5 short sword (weapon)
Missiles
 e - 8 poisoned needles
 f - 2 curare-tipped needles
Armour
 c - a +0 robe (worn)
 d - a +0 cloak (worn)
 k - a cursed +0 pair of gloves
Jewellery
 h - an amulet of harm (around neck)
Wands
 o - a wand of polymorph (7)
 p - a wand of clouds (5)
Scrolls
 i - 2 scrolls of identify {unknown}
 j - a scroll of fear {unknown}
 n - a scroll of remove curse {unknown}
 s - a scroll of enchant armour {unknown}
 u - 2 scrolls of enchant weapon {unknown}
Potions
 t - a potion of agility
Comestibles
 g - 7 rations


   Skills:
 * Level 3.4 Fighting
 * Level 4.5 Short Blades
 + Level 3.3 Throwing
 + Level 3.9 Dodging
 + Level 7.1 Stealth


You had 5 spell levels left.
You didn't know any spells.
Your spell library was empty.

Dungeon Overview and Level Annotations

Branches:
Dungeon (4/15)
 Temple: D:4-7

Altars:
Ashenzari
Fedhas
Qazlal
Trog
Vehumet
Wu Jian

Annotations:
D:4 Menkaure


Innate Abilities, Weirdness & Mutations

You are very small and have problems with some larger weapons.
You are too small for most types of armour.
You have supernaturally acute eyesight. (SInv)
You are a herbivore.
You cover ground extremely quickly.
You need to consume almost no food.


Message History

The bullfrog skeleton is lightly damaged.
You barely miss the bullfrog skeleton.
The bullfrog skeleton is lightly damaged.
The bullfrog skeleton hits you but does no damage.
You barely miss the bullfrog skeleton.
The bullfrog skeleton is lightly damaged.
* * * LOW HITPOINT WARNING * * *
You feel sick.
The bullfrog skeleton completely misses you.
The howler monkey hoots and howls with incredible vigour!
You hear a bark!
You hear an angry hiss.
You puncture the bullfrog skeleton!
The bullfrog skeleton is heavily damaged.
The bullfrog skeleton misses you.
You barely miss the bullfrog skeleton.
The bullfrog skeleton is heavily damaged.
The bullfrog skeleton misses you.
You puncture the bullfrog skeleton!
The bullfrog skeleton is almost destroyed.
You die...

........# #. #.#
#.#####.#####
#..##...l.h.####
###....##'##l.Z.###
#...####...####...##
..###..#...# ###..#
.##.#..#...# #.##l##
.'.(#.[#...# #(@Zh.#
.##.#..#...# #.##..#
..###..#...# ###...#
#...##'#("!# ##
..#.#
###....#####....#.
.#
######.......#....
## .†<............
## ..#####.##...##
#.......# ###


You could see a howler monkey, a frilled lizard and a bullfrog skeleton.

Vanquished Creatures
  Sigmund (D:2)
  A sky beast (D:3)
  A howler monkey (D:4)
  Crazy Yiuf (D:2)
  2 worker ants
  An adder (D:2)
  4 worms
  A dart slug (D:1)
  4 leopard geckos
  3 orcs
  2 ball pythons
  2 hobgoblins (D:2)
  3 jackals (D:3)
  A quokka (D:2)
  4 bats
  6 frilled lizards
  7 goblins
  4 kobolds
  15 rats
63 creatures vanquished.

Notes
Turn   | Place    | Note
-------+----------+-------------------------------------------
     0 | D:1      | Borgoz the Spriggan Assassin began the quest for the Orb.
     0 | D:1      | Reached XP level 1. HP: 10/10 MP: 2/2
   322 | D:1      | Reached XP level 2. HP: 15/15 MP: 3/3
   564 | D:1      | Reached skill level 6 in Stealth
   929 | D:2      | Noticed Sigmund
   932 | D:2      | Killed Sigmund
   932 | D:2      | Reached XP level 3. HP: 19/19 MP: 4/4
   932 | D:2      | Reached XP level 4. HP: 23/23 MP: 5/5
   932 | D:2      | Reached XP level 5. HP: 27/27 MP: 6/6
  1020 | D:2      | Found a runed door.
  1318 | D:2      | Found a blossoming altar of Fedhas.
  1740 | D:2      | Noticed Crazy Yiuf
  1744 | D:2      | HP: 1/28 [Crazy Yiuf/+2 quarterstaff of chaos (2)]
  1747 | D:2      | Killed Crazy Yiuf
  2174 | D:3      | Found a radiant altar of Vehumet.
  2350 | D:3      | Reached XP level 6. HP: 32/32 MP: 7/7
  2362 | D:3      | Found an ornate altar of the Wu Jian Council.
  2466 | D:3      | Noticed a moth of wrath
  2469 | D:3      | Found a bloodstained altar of Trog.
  2867 | D:3      | Noticed a sky beast
  2888 | D:3      | Killed a sky beast
  2888 | D:3      | Reached skill level 7 in Stealth
  3136 | D:3      | Found a shattered altar of Ashenzari.
  3254 | D:3      | Found a stormy altar of Qazlal.
  3431 | D:4      | Noticed Menkaure
  3799 | D:4      | HP: 1/32 [poisoned by a worker ant]
  3806 | D:4      | Succumbed to a worker ant's poison

Vault maps used:
D:1:      lemuel_arrival_room
D:2:      overflow_temple_1_default, first_ration, minmay_misc_feat_nine_boxes,
          uniq_crazy_yiuf_cottage, uniq_sigmund
D:3:      old_standard_altar, vehumet_crystals, nicolae_overflow_crystal_walls,
          tgw_trog, nicolae_qazlal_general_emergency
D:4:      elyvilon_altar_1, minmay_temple_entry_drinking_statues, serial_shops,
          kennysheep_little_box, minmay_divided_ellipse, uniq_natasha,
          uniq_menkaure

Skill      XL: |  1  2  3  4  5  6 |
---------------+-------------------+-----
Dodging        | 3 |  3.9
Stealth        | 6 7 |  7.1
Fighting       | 2 3 |  3.4
Short Blades   | 3 4 |  4.5
Throwing       | 3 |  3.3

Action                   |  1- 3 |  4- 6 || total
-------------------------+-------+-------++-------
Melee: Dagger            |    27 |   146 ||   173
       Short sword       |       |    25 ||    25
 Fire: Blowgun           |       |     7 ||     7
  Use: Potion            |       |     5 ||     5
       Scroll            |       |     1 ||     1
 Stab: Sleeping          |     6 |    10 ||    16
Armor: Robe              |     1 |    12 ||    13
Dodge: Dodged            |    17 |   130 ||   147

Table legend:
 A = Non-vault XP
 B = Vault XP
 C = Vault XP percentage of total XP
 D = Non-vault monster count
 E = Vault monster count
 F = Vault count percentage of total count
                 A         B        C        D         E       F
            +---------+---------+-------+---------+---------+-------
      Total |     309 |     327 |  51.4 |      52 |      11 |  17.5
            +---------+---------+-------+---------+---------+-------
        D:1 |      22 |       0 |   0.0 |      13 |       0 |   0.0
        D:2 |      82 |     264 |  76.3 |      24 |       2 |   7.7
        D:3 |     150 |      17 |  10.2 |      13 |       5 |  27.8
        D:4 |      55 |      46 |  45.5 |       2 |       4 |  66.7
            +---------+---------+-------+---------+---------+-------
